AoeStats
← CFn-Ez

Arena

507899552Analyzed
4v4 RM · 12d ago on Sep 20, 2026· 43m 11s· 8 players
Game mode
Random Map
Map size
Large (8 player)
Population
200
Speed
Normal
Resources
Standard
Victory
Conquest
Starting age
Dark Age
Ending age
Imperial Age
RankedLock teamsTeams togetherTeam positionsShared explorationLock speedFull tech treeHidden civsTurbo modeCheats
Victory
Defeat
🇭🇰 Cumans · Hong Kong SAR China
1505
+14
🇭🇰 Poles · Hong Kong SAR China
1472
+16
🇲🇽 Khmer · Mexico
1465
+16
🇨🇳 Turks · China
1383
+25
🇦🇷 Spanish · Argentina
1524
-18
🇨🇱 Spanish · Chile
1496
-18
🇦🇷 Spanish · Argentina
1422
-15
🇦🇷 Spanish · Argentina
1411
-14
[VA] Tano_Pacman
8:30 Feudal Age
7:47 Loom
10:36 Fletching
25:26 Castle Age
24:02 Double-Bit Axe
23:58 Horse Collar
26:20 Bodkin Arrow
26:42 Guard Tower
32:03 Imperial Age
30:28 Bow Saw
37:29 Two-Man Saw
36:31 Heavy Plow
39:45 Wheelbarrow
39:55 Onager
41:50 Gold Mining
41:51 Stone Mining
Diegazo
8:37 Loom
11:09 Feudal Age
15:35 Castle Age
14:12 Double-Bit Axe
14:55 Horse Collar
19:13 Padded Archer Armor
25:13 Leather Archer Armor
27:47 Heavy Plow
27:59 Bow Saw
27:45 Gold Mining
29:43 Wheelbarrow
29:51 Stone Mining
30:33 Bloodlines
35:27 Imperial Age
33:10 Husbandry
32:49 Light Cavalry
33:35 Scale Barding Armor
35:24 Chain Barding Armor
35:53 Forging
36:44 Inquisition
37:30 Ring Archer Armor
36:52 Hussar
41:07 Plate Barding Armor
41:07 Iron Casting
40:29 Fletching
40:33 Elite Skirmisher
40:41 Cavalier
Dino_Mate
10:52 Feudal Age
11:09 Loom
14:43 Castle Age
14:42 Double-Bit Axe
15:49 Bow Saw
15:33 Horse Collar
25:03 Padded Archer Armor
28:00 Wheelbarrow
35:18 Fortified Wall
37:01 Hand Cart
39:28 Imperial Age
38:05 Scale Barding Armor
38:14 Forging
38:26 Bloodlines
38:17 Husbandry
39:05 Husbandry
39:29 Chain Barding Armor
39:38 Cavalier
41:12 Plate Barding Armor
[VA] PabloB
11:19 Feudal Age
14:48 Castle Age
13:36 Double-Bit Axe
13:53 Horse Collar
17:15 Bow Saw
20:27 Loom
22:32 Padded Archer Armor
26:57 Heavy Plow
27:52 Husbandry
28:02 Bloodlines
28:45 Wheelbarrow
29:39 Redemption
34:00 Imperial Age
32:42 Hand Cart
32:49 Scale Barding Armor
32:55 Forging
34:00 Chain Barding Armor
34:03 Cavalier
35:43 Devotion
37:49 Conscription
38:22 Plate Barding Armor
38:24 Iron Casting
37:50 Town Watch
40:44 Paladin
41:23 Light Cavalry
thefacelessz12
10:55 Feudal Age
10:22 Loom
16:06 Castle Age
17:15 Light Cavalry
29:10 Horse Collar
31:26 Double-Bit Axe
34:44 Imperial Age
32:33 Heavy Plow
34:19 Ballistics
36:35 Fortified Wall
36:36 Siege Engineers
37:00 Pikeman
39:05 Wheelbarrow
38:53 Scale Mail Armor
39:03 Forging
38:32 Halberdier
39:44 Heavy Scorpion
40:27 Stone Mining
40:27 Gold Mining
41:45 Iron Casting
41:05 Capped Ram
42:32 Siege Ram
CFn-Ez
11:40 Feudal Age
12:23 Double-Bit Axe
12:22 Horse Collar
19:40 Castle Age
17:57 Gold Mining
18:33 Bloodlines
19:23 Scale Barding Armor
19:29 Forging
20:55 Chain Barding Armor
22:30 Iron Casting
23:53 Bow Saw
27:00 Heavy Plow
29:03 Wheelbarrow
29:29 Loom
29:59 Husbandry
32:37 Hand Cart
32:23 Stone Mining
37:50 Imperial Age
39:24 Bombard Tower
39:26 Ballistics
39:36 Padded Archer Armor
41:07 Plate Barding Armor
40:48 Leather Archer Armor
42:34 Two-Man Saw
42:58 Conscription
43:42 Blast Furnace
dennis2_02
7:22 Loom
9:44 Feudal Age
10:20 Double-Bit Axe
10:16 Horse Collar
18:36 Fletching
18:46 Padded Archer Armor
31:20 Castle Age
30:13 Wheelbarrow
31:29 Elite Skirmisher
36:57 Imperial Age
35:03 Forging
34:58 Scale Barding Armor
35:05 Bloodlines
35:36 Gold Mining
36:36 Iron Casting
36:28 Hand Cart
37:04 Elite Steppe Lancer
38:56 Chain Barding Armor
39:08 Bow Saw
39:28 Heavy Plow
43:01 Gold Shaft Mining
KITCHIUYEAH
10:45 Feudal Age
14:51 Castle Age
12:46 Double-Bit Axe
13:01 Horse Collar
15:49 Heavy Plow
16:40 Fletching
16:23 Elite Skirmisher
17:41 Bodkin Arrow
20:26 Padded Archer Armor
24:08 Wheelbarrow
25:41 Ballistics
26:05 Town Watch
26:52 Bow Saw
29:06 Loom
32:11 Imperial Age
29:41 Gold Mining
29:46 Town Watch
30:32 Leather Archer Armor
29:49 Crossbowman
30:46 Thumb Ring
31:22 Hand Cart
32:33 Stone Mining
33:55 Chemistry
32:58 Bracer
33:50 Szlachta Privileges
33:27 Arbalester
35:29 Scale Barding Armor
35:35 Forging
37:17 Conscription
37:48 Chain Barding Armor
38:06 Iron Casting
37:47 Cavalier
38:54 Siege Engineers
39:50 Blast Furnace
40:01 Szlachta Privileges
40:28 Bloodlines
40:18 Husbandry
41:09 Masonry
42:18 Crop Rotation
42:59 Coinage
42:30 Caravan
Connection lost

Rejoining the realm…

Still unreachable

The connection could not be restored.

Session expired

The server has moved on; the page needs a fresh start.